 Dungeon Crawl Stone Soup version 0.28.0-45-g0d030f2227 (webtiles) character file.

Game seed: 10176908856344639445

597 McKennaii the Covered (level 6, 0/53 HPs)
             Began as a Demigod Fighter on Apr 18, 2022.
             Slain by a black bear (1 damage)
             ... on level 4 of the Dungeon.
             The game lasted 00:04:17 (4225 turns).

McKennaii the Covered (Demigod Fighter)             Turns: 4225, Time: 00:04:18

Health: 0/53       AC: 10    Str: 25    XL:     6   Next: 95%
Magic:  8/8        EV: 13    Int: 10    God:
Gold:   130        SH:  5    Dex: 13    Spells: 5/5 levels left

rFire   . . .      SeeInvis .   a - +0 trident
rCold   . . .      Faith    .   c - +0 buckler
rNeg    . . .      Spirit   .   b - +0 scale mail
rPois   .          Reflect  .   r - +0 helmet
rElec   .          Harm     .   (no cloak)
rCorr   .          Rampage  .   h - +0 pair of gloves
Will    .....                   m - +0 pair of boots
Stlth   ..........              (no amulet)
HPRegen 0.17/turn               p - +4 ring of evasion
MPRegen 0.11/turn               (no ring)

@: no status effects
A: high MP 1, forlorn, divine attributes
a: no special abilities


You were on level 4 of the Dungeon.
You visited 1 branch of the dungeon, and saw 4 of its levels.
You also visited: Sewer.

You collected 130 gold pieces.

Inventory:

Hand Weapons
 a - a +0 trident (weapon)
Armour
 b - a +0 scale mail (worn)
 c - a +0 buckler (worn)
 h - a +0 pair of gloves (worn)
 m - a +0 pair of boots (worn)
 n - a +0 plate armour
 r - a +0 helmet (worn)
Jewellery
 p - a +4 ring of evasion (left hand)
 w - a ring of positive energy
Wands
 t - a wand of digging (6)
Scrolls
 e - a scroll of enchant weapon {unknown}
 f - a scroll of amnesia {unknown}
 j - 2 scrolls of enchant armour {unknown}
 k - 2 scrolls of summoning {unknown}
 l - a scroll of fog {unknown}
 q - 2 scrolls of immolation {unknown}
 s - 4 scrolls of identify {unknown}
 y - a scroll of fear {unknown}
 D - 2 scrolls of magic mapping {unknown}
 F - a scroll of noise {unknown}
Potions
 d - 5 potions of might
 g - 2 potions of curing {unknown}
 i - a potion of resistance {unknown}
 o - 3 potions of attraction {unknown}
 u - a potion of invisibility {unknown}
 v - 4 potions of heal wounds {unknown}
 x - a potion of cancellation {unknown}
 z - a potion of haste {unknown}
 A - a potion of magic {unknown}
 B - 3 potions of mutation {unknown}
 C - a potion of brilliance {unknown}
 E - a potion of lignification {unknown}


   Skills:
 + Level 4.5 Fighting
 + Level 4.0 Polearms
 + Level 4.5 Armour
 - Level 4.0 Shields


You had 5 spell levels left.
You didn't know any spells.
Your spell library contained the following spells:

 Spells                   Type           Power      Damage    Failure   Level
 Animate Skeleton         Necr           0%         N/A       75%         1
 Apportation              Tloc           0%         N/A       75%         1
 Sandblast                Erth           0%         2d4       75%         1
 Summon Small Mammal      Summ           0%         N/A       75%         1
 Passwall                 Tmut/Erth      0%         N/A       86%         2
 Stone Arrow              Conj/Erth      0%         3d7       98%         3


Dungeon Overview and Level Annotations

Branches:
Dungeon (4/15)              Sewer (visited)
 Temple: D:4-7


Innate Abilities, Weirdness & Mutations

You have an increased reservoir of magic. (+10% MP)
You shall have no god before yourself.
Your divine heritage dramatically boosts your attributes as you level up.


Message History

The black bear bites you but does no damage.
The black bear claws you but does no damage.
The black bear claws you.
You barely miss the black bear.
The black bear is severely wounded.
The black bear goes berserk!
You hit the black bear but do no damage.
The black bear is severely wounded.
The black bear closely misses you.
The black bear claws you but does no damage.
The black bear closely misses you. The black bear barely misses you.
The black bear completely misses you. You block the black bear's attack.
You closely miss the black bear.
The black bear is severely wounded.
The black bear completely misses you. The black bear claws you. x2
You hit the black bear.
The black bear is severely wounded.
You block the black bear's attack. The black bear misses you.
The black bear claws you. The black bear bites you! The black bear claws you.
The black bear claws you but does no damage.
You closely miss the black bear.
The black bear is severely wounded.
The black bear bites you. The black bear claws you. x2
* * * LOW HITPOINT WARNING * * *
You block the black bear's attack. The black bear claws you.
* * * LOW HITPOINT WARNING * * *
The black bear closely misses you.
You hit the black bear.
The black bear is severely wounded.
The black bear bites you but does no damage.
The black bear claws you but does no damage.
The black bear barely misses you.
Unknown command.
You puncture the black bear!
The black bear is almost dead.
The black bear bites you.
* * * LOW HITPOINT WARNING * * *
The black bear claws you but does no damage. x2
The black bear closely misses you. The black bear claws you.
You die...

#........# .#
###...#.#..# ###
#..........# ###
#.####.##..# #.. .
#...###.. #.#
#...###.. #.#
#...##... #h#
###......#. #@#
##......>...
#.#####..#...#####
#........#...# #
########.#.#.# #
#.#.#.# # #.#.#.#
#.#.#.# #.#.#.#
#.#.#


You could see a black bear (berserk).

Vanquished Creatures
  A phantom (D:3)
  3 kobold brigands (Sewer)
  2 jellies
  A centaur skeleton (D:4)
  An iguana (D:4)
  Ijyb (D:3)
  A river rat (D:4)
  7 adders
  2 dart slugs
  2 orcs
  12 ball pythons
  8 endoplasms
  5 giant cockroaches
  7 hobgoblins
  7 jackals (D:1)
  3 quokkas
  8 bats
  5 frilled lizards
  6 goblins
  12 kobolds
  9 rats
103 creatures vanquished.

Notes
Turn   | Place    | Note
-------+----------+-------------------------------------------
     0 | D:1      | McKennaii the Demigod Fighter began the quest for the Orb.
     0 | D:1      | Reached XP level 1. HP: 18/18 MP: 3/3
   388 | D:1      | Reached XP level 2. HP: 21/25 MP: 4/4
   946 | D:1      | Reached XP level 3. HP: 31/31 MP: 5/5
  1588 | D:2      | Reached XP level 4. HP: 29/38 MP: 6/6
  2022 | D:3      | Noticed Ijyb
  2042 | D:3      | Killed Ijyb
  2656 | D:3      | Noticed a phantom
  2678 | D:3      | Killed a phantom
  2679 | D:3      | Reached XP level 5. HP: 29/46 MP: 7/7
  3025 | D:4      | Reached XP level 6. HP: 50/52 MP: 8/8
  3279 | D:4      | Found a glowing drain.
  3336 | Sewer    | Entered a sewer
  4225 | D:4      | HP: 1/53 [black bear (5)]
  4225 | D:4      | Slain by a black bear

Illustrated notes

Levels and vault maps discovered:
D:1:      giann_bridges, layout_loops_ring, minmay_pentomino_r2
D:2:      layout_basic, basic_altar, kennysheep_big_empty_room
D:3:      layout_loops_ring, grunt_gozag_breadcrumbs, kennysheep_minor_cross,
          uniq_ijyb
D:4:      layout_rooms, grunt_temple_overflow_cloverleaf,
          gup_sewer_entry_spiral, serial_co_window_serial, co_window_paths_a,
          co_window_of_opportunity_a, co_window_paths_a, co_window_paths_b,
          co_window_paths_a, co_window_paths_b, co_window_of_opportunity_b,
          co_window_broadway_b, co_window_unsneaky_path_e, co_window_broadway_a,
          co_window_of_opportunity_c, co_window_2corner,
          co_window_unsneaky_path_a, glass_columns_a, glass_columns_c,
          glass_columns_b, glass_columns_a, glass_columns_a

Skill      XL: |  1  2  3  4  5  6 |
---------------+-------------------+-----
Polearms       | 2 3 4 |  4.0
Shields        | 3 4 |  4.0
Fighting       | 3 4 |  4.5
Armour         | 3 4 |  4.5

Action                   |  1- 3 |  4- 6 || total
-------------------------+-------+-------++-------
Melee: Trident           |   154 |   243 ||   397
Armor: Scale mail        |    59 |    80 ||   139
Dodge: Dodged            |    71 |   151 ||   222
Block: Buckler           |    28 |    60 ||    88
